 Dungeon Crawl Stone Soup version 0.20.0-4-g10b340a (webtiles) character file.

247 Gargoyl the Skirmisher (level 6, 0/56 HPs)
             Began as a Ghoul Abyssal Knight on May 28, 2017.
             Was a Believer of Lugonu.
             Killed from afar by Sigmund (3 damage)
             ... with a wand of flame (?/48)
             ... on level 2 of the Dungeon.
             The game lasted 00:04:50 (1674 turns).

Gargoyl the Skirmisher (Ghoul Abyssal Knight)       Turns: 1674, Time: 00:04:51

Health: 0/56       AC:  6    Str: 16    XL:     6   Next: 11%
Magic:  6/6        EV:  9    Int: 12    God:    Lugonu [**....]
Gold:   122        SH:  0    Dex: 10    Spells: 5/5 levels left

rFire    . . .     SeeInvis .   a - +1 hand axe
rCold    + . .     Gourm    .   (no shield)
rNeg     + + +     Faith    .   g - +0 scale mail
rPois    ∞         Spirit   .   (no helmet)
rElec    .         Reflect  .   (no cloak)
rCorr    .         Harm     .   (no gloves)
MR       .....                  (no boots)
Stlth    ..........             (no amulet)
Regen    0.0/turn               (no ring)
MPRegen  0.1/turn               (no ring)

@: brilliant, rotting
A: rotting body, claws 1, carnivore 3, cold resistance 1, negative energy
resistance 3, inhibited regeneration, torment resistance, unbreathing
a: Depart the Abyss, Bend Space, Renounce Religion


You were on level 2 of the Dungeon.
You worshipped Lugonu.
Lugonu was pleased with you.
You were not hungry.

You visited 1 branch of the dungeon, and saw 2 of its levels.
You visited the Abyss 1 time.

You collected 122 gold pieces.

Inventory:

Hand Weapons
 a - a +1 hand axe (weapon)
 i - a +0 spear
Armour
 g - a +0 scale mail (worn)
Wands
 d - a wand of iceblast (0/15)
Scrolls
 h - a scroll of blinking
 j - 2 scrolls of identify
 k - 2 scrolls of fear
 l - a scroll of immolation {unknown}
 n - a scroll of random uselessness {unknown}
Comestibles
 b - 3 royal jellies
 c - 4 meat rations


   Skills:
 + Level 5.2 Fighting
 + Level 3.1 Axes
 * Level 3.1 Armour
 + Level 1.4 Dodging
 * Level 2.6 Invocations
 + Level 0.1 Evocations


You had 5 spell levels left.
You didn't know any spells.

Dungeon Overview and Level Annotations

Branches:
Dungeon (2/15)

Altars:
Elyvilon

Annotations:
D:2 Sigmund


Innate Abilities, Weirdness & Mutations

Your body is rotting away.
You thrive on raw meat.
You are immune to poison.
You have sharp fingernails.
You are carnivorous and can eat meat at any time.
Your flesh is cold resistant. (rC+)
You are immune to negative energy. (rN+++)
You do not regenerate when monsters are visible.
You are immune to unholy pain and torment.
You can survive without breathing.


Message History

Press: ? - help, Shift-Dir - straight line, f - Sigmund
Aim: Sigmund, wielding a scythe, wearing a robe and carrying a wand of flame (?/48) {zapped: 3} (lightly wounded) That beam is likely to hit you.
Continue anyway?
The mass of ice explodes!
The iceblast engulfs Sigmund.
Sigmund is heavily wounded.
The iceblast engulfs you! You partially resist.
* * * LOW HITPOINT WARNING * * *
This wand has 1 charge left.
Sigmund zaps a wand.
The puff of flame hits you!
* * * LOW HITPOINT WARNING * * *
Unknown command.
Aiming: Iceblast
Press: ? - help, Shift-Dir - straight line, f/p - Sigmund
Aim: Sigmund, wielding a scythe, wearing a robe and carrying a wand of flame (?/48) {zapped: 4} (heavily wounded) That beam is likely to hit you.
Continue anyway?
The mass of ice explodes!
The iceblast engulfs Sigmund.
Sigmund is almost dead.
The iceblast engulfs you! You partially resist.
* * * LOW HITPOINT WARNING * * *
This wand has 0 charges left.
Sigmund zaps a wand.
The puff of flame hits you!
You die...

# # #####
.####################### ....#
......@@................ .##.#
.####################### .##.#
#.# # ###.# #.# # # #.# #.# #
###.# #.# # ....# #.# # ....#
#.####### #
....#####.##....#################


You could see Sigmund.

Vanquished Creatures
  A neqoxec (Abyss:2)
  Jessica (D:2)
  3 adders (D:2)
  2 worms (D:2)
  2 dart slugs (D:1)
  9 bats
  5 giant cockroaches (D:1)
  6 hobgoblins
  7 jackals
  11 kobolds
  A quokka (D:1)
  6 frilled lizards
  2 goblins (D:1)
  5 rats
61 creatures vanquished.

Notes
Turn   | Place    | Note
-------+----------+-------------------------------------------
     0 | Abyss:1  | Gargoyl the Ghoul Abyssal Knight began the quest for the Orb.
     0 | Abyss:1  | Reached XP level 1. HP: 19/19 MP: 1/1
    27 | Abyss:2  | Found a corrupted altar of Lugonu.
    66 | Abyss:2  | Noticed a neqoxec
    69 | Abyss:2  | Killed a neqoxec
    69 | Abyss:2  | Reached skill level 5 in Fighting
    69 | Abyss:2  | Reached XP level 2. HP: 29/29 MP: 2/2
    69 | Abyss:2  | Reached XP level 3. HP: 36/36 MP: 3/3
    69 | Abyss:2  | Reached XP level 4. HP: 42/42 MP: 4/4
    69 | Abyss:2  | Reached XP level 5. HP: 48/48 MP: 5/5
    70 | Abyss:2  | Noticed a rakshasa
    70 | D:1      | Escaped the Abyss
   208 | D:1      | Reached * piety under Lugonu
   271 | D:1      | Reached skill level 1 in Dodging
  1105 | D:2      | Reached ** piety under Lugonu
  1175 | D:2      | Found a white marble altar of Elyvilon.
  1233 | D:2      | Noticed Jessica
  1238 | D:2      | Killed Jessica
  1238 | D:2      | Reached XP level 6. HP: 56/56 MP: 6/6
  1650 | D:2      | Noticed Sigmund
  1674 | D:2      | Killed from afar by Sigmund

Skill      XL: |  1  2  3  4  5  6 |
---------------+-------------------+-----
Fighting       | 5 |  5.2
Axes           | 2 3 |  3.1
Armour         | 2 3 |  3.1
Dodging        | 1 |  1.4
Invocations    | |  2.6
Evocations     | |  0.1

Action                   |  1- 3 |  4- 6 || total
-------------------------+-------+-------++-------
Melee: Hand axe          |       |   209 ||   209
Invok: Depart the Abyss  |       |     1 ||     1
Evoke: Wand              |     2 |     3 ||     5
  Use: Scroll            |       |     5 ||     5
       Potion            |       |     3 ||     3
  Eat: Chunk             |       |    25 ||    25
Armor: Scale mail        |       |    80 ||    80
       Leather armour    |       |    35 ||    35
Dodge: Dodged            |       |   119 ||   119
